 Dungeon Crawl Stone Soup version 0.27.1-4-g1640c2035a (webtiles) character file.

Game seed: 5549933384142232377

5431 FreshCat the Grappler (level 10, -11/94 HPs)
             Began as a Troll Berserker on Nov 3, 2021.
             Was a High Priest of Trog.
             Mangled by a two-headed ogre simulacrum (25 damage)
             ... in an ice cave.
             The game lasted 00:30:46 (7000 turns).

FreshCat the Grappler (Troll Berserker)             Turns: 7000, Time: 00:30:47

Health: -11/94     AC:  5    Str: 34    XL:     10   Next: 40%
Magic:  9/9        EV: 12    Int:  5    God:    Trog [*****.]
Gold:   503        SH:  0    Dex: 15    Spells: 9/9 levels left

rFire    . . .     SeeInvis .     - Unarmed
rCold    . . .     Faith    .   (no shield)
rNeg     . . .     Spirit   .   a - +0 animal skin
rPois    .         Reflect  .   (helmet restricted)
rElec    .         Harm     .   A - +0 cloak
rCorr    .         Rampage  .   (gloves unavailable)
Will     ++...                  (boots unavailable)
Stlth    +.........             L - amulet of the acrobat
HPRegen  2.25/turn              l - +6 ring of strength
MPRegen  0.11/turn              h - +6 ring of dexterity

@: strong-willed, on berserk cooldown, regenerating, slowed, very slow
A: large, unfitting armour, claws 3, regeneration 1, shaggy fur 1, tough skin 1
a: Renounce Religion, Berserk, Trog's Hand, Brothers in Arms


You were in an ice cave.
You worshipped Trog.
Trog was extremely pleased with you.
You visited 1 branch of the dungeon, and saw 11 of its levels.
You also visited: Ice Cave.

You collected 503 gold pieces.

Inventory:

Missiles
 e - 5 boomerangs (quivered)
 o - 34 poisoned darts
 t - 209 stones
Armour
 a - a +0 animal skin (worn)
 A - a +0 cloak (worn)
Jewellery
 h - a +6 ring of dexterity (right claw)
 l - a +6 ring of strength (left claw)
 B - a +4 ring of protection
 C - the ring "Hale" {rF+ Int+4}
   (You found it on level 6 of the Dungeon)

   [ring of protection from fire]

   Int:       It affects your intelligence (+4).
   rF:        It protects you from fire.
 E - a ring of poison resistance
 L - an amulet of the acrobat (around neck)
Wands
 x - a wand of flame (19)
Scrolls
 b - a scroll of enchant armour {unknown}
 c - a scroll of immolation {unknown}
 d - a scroll of vulnerability
 g - 4 scrolls of noise
 j - 2 scrolls of enchant weapon
 n - 2 scrolls of amnesia
 w - a scroll of fog
 y - 2 scrolls of brand weapon {unknown}
 D - a scroll of summoning
 G - a scroll of silence {unknown}
 I - a scroll of fear {unknown}
 J - 2 scrolls of teleportation
 K - a scroll of blinking {unknown}
Potions
 f - 5 potions of ambrosia
 i - a potion of degeneration {unknown}
 k - 3 potions of might
 m - a potion of experience {unknown}
 p - 2 potions of heal wounds
 q - 3 potions of curing
 r - 2 potions of cancellation {unknown}
 s - a potion of invisibility {unknown}
 u - 2 potions of attraction {unknown}
 v - a potion of mutation {unknown}
 z - a potion of flight {unknown}
 F - a potion of haste {unknown}
 H - a potion of brilliance {unknown}


   Skills:
 + Level 4.3 Fighting
 + Level 5.0 Throwing
 + Level 5.6 Dodging
 + Level 12.4 Unarmed Combat


You had 9 spell levels left.
You didn't know any spells.
Your spell library was empty.

Dungeon Overview and Level Annotations

Branches:
Dungeon (11/15)            Temple (0/1) D:7           IceCv (1/1)
   Lair: D:8-11         Orc: D:9-12

Altars:
Cheibriados
Makhleb
Nemelex Xobeh
Trog
Wu Jian
Yredelemnul
The Shining One

Shops:
D:1 :   D:6 =

Annotations:
D:4 exclusion: downstairs
D:5 exclusion: water moccasin


Innate Abilities, Weirdness & Mutations

You are too large for most types of armour.
You have claws for hands.
Your natural rate of healing is unusually fast.
You are covered in fur. (AC +1)
You have tough skin. (AC +1)


Message History

The world spins around you as you enter the gateway.
You enter an ice cave!
The white imp shouts, "Back with thee, thou venomed hedge-born apple-john!"
Found an ice covered gate leading back out of this place.
There is an ice choked empty arch of ancient stone here.
The ufetubus shouts!
There is an ice covered gate leading back out of this place here.
Your skin crawls.
You feel strong-willed.
Okay, then.
The troll simulacrum misses you.
The troll simulacrum completely misses you.
The troll simulacrum claws you. The troll simulacrum freezes you!
You mangle the white imp!!
You kill the white imp!
Trog accepts your kill. The ufetubus hits you.
The ufetubus hits you but does no damage.
You mangle the ufetubus!!
You kill the ufetubus!
Trog accepts your kill.
You mangle the troll simulacrum!!
The troll simulacrum is almost destroyed.
The two-headed ogre simulacrum hits you.
The two-headed ogre simulacrum freezes you!!
* * * LOW HITPOINT WARNING * * *
The two-headed ogre simulacrum hits you but does no damage.
You claw the troll simulacrum!
The troll simulacrum vaporises!
Trog accepts your kill.
Aiming: Throw Flame
Press: ? - help, Shift-Dir - straight line, f - two-headed ogre simulacrum
Aim: a two-headed ogre simulacrum (100% to hit)
The puff of flame hits the two-headed ogre simulacrum.
The two-headed ogre simulacrum melts!
The two-headed ogre simulacrum is lightly damaged.
The two-headed ogre simulacrum hits you.
* * * LOW HITPOINT WARNING * * *
The two-headed ogre simulacrum freezes you!!
You die...

####
##.@#
#.Z○#
##..##
#.∩.#
#...#
#...#
...##
##...
#..#


You could see a two-headed ogre simulacrum.

Vanquished Creatures
  A manticore (D:11)
  A shadow (D:9)
  A wyvern (D:8)
  7 yaks
  A water moccasin (D:9)
  2 orc warriors
  2 ice beasts
  2 sky beasts
  A black bear (D:7)
  A centaur (D:7)
  A necrophage (D:4)
  5 ogres
  2 kobold brigands
  3 bullfrogs (D:7)
  A gnoll sergeant (D:9)
  3 scorpions
  A wyvern zombie (D:9)
  A wyvern skeleton (D:5)
  8 wights
  5 howler monkeys
  2 jellies
  A bullfrog zombie (D:5)
  A centaur zombie (D:9)
  5 hounds
  5 orc priests
  2 bullfrog skeletons
  2 iguanas
  Ijyb (D:4)
  6 orc wizards
  A troll simulacrum (IceCv)
  3 killer bee zombies
  A hound skeleton (D:4)
  2 howler monkey skeletons
  A howler monkey zombie (D:9)
  9 adders
  5 gnolls (D:9)
  13 white imps
  An ufetubus (IceCv)
  2 dart slugs
  21 orcs
  9 endoplasms
  6 giant cockroaches
  9 hobgoblins
  7 jackals
  17 kobolds
  4 quokkas
  9 ball pythons
  4 bats
  A frilled lizard (D:2)
  11 goblins
  6 rats
216 creatures vanquished.

Vanquished Creatures (others)
  A wizard (D:6)
1 creature vanquished.

Grand Total: 217 creatures vanquished

Notes
Turn   | Place    | Note
-------+----------+-------------------------------------------
     0 | D:1      | FreshCat the Troll Berserker began the quest for the Orb.
     0 | D:1      | Reached XP level 1. HP: 22/22 MP: 0/0
   356 | D:1      | Found Juovase's Book Shoppe.
   364 | D:1      | Reached XP level 2. HP: 29/29 MP: 1/1
   568 | D:1      | Found a faded altar of an unknown god.
  1004 | D:2      | Reached XP level 3. HP: 36/36 MP: 2/2
  1057 | D:2      | Noticed an ogre
  1064 | D:2      | Killed an ogre
  1065 | D:2      | Reached skill level 4 in Unarmed Combat
  1065 | D:2      | Reached XP level 4. HP: 45/45 MP: 3/3
  1126 | D:2      | Reached ** piety under Trog
  1313 | D:2      | Reached XP level 5. HP: 50/53 MP: 4/4
  1758 | D:4      | Noticed an ogre
  1763 | D:4      | Killed an ogre
  1764 | D:4      | Reached skill level 5 in Unarmed Combat
  1764 | D:4      | Reached XP level 6. HP: 61/61 MP: 5/5
  1924 | D:3      | Found an ornate altar of the Wu Jian Council.
  2351 | D:4      | Reached *** piety under Trog
  2395 | D:5      | Entered Level 5 of the Dungeon
  2430 | D:4      | Reached skill level 1 in Throwing
  2457 | D:4      | Found a sparkling altar of Nemelex Xobeh.
  2486 | D:5      | Reached skill level 6 in Unarmed Combat
  2650 | D:5      | Noticed a water moccasin
  2656 | D:4      | Reached XP level 7. HP: 67/67 MP: 6/6
  2981 | D:4      | Noticed Ijyb
  2993 | D:4      | Killed Ijyb
  3331 | D:5      | Reached skill level 7 in Unarmed Combat
  3499 | D:5      | Reached skill level 8 in Unarmed Combat
  3499 | D:5      | Reached XP level 8. HP: 76/76 MP: 7/7
  3803 | D:5      | Reached **** piety under Trog
  3928 | D:6      | Found Bessic's Jewellery Shop.
  4056 | D:6      | Reached skill level 9 in Unarmed Combat
  4068 | D:6      | Found a bloodstained altar of Trog.
  4401 | D:6      | Identified the ring "Hale" {rF+ Int+4}
  4514 | D:6      | Noticed a wizard
  4518 | D:6      | Killed a wizard
  4577 | D:7      | Found a staircase to the Ecumenical Temple.
  4645 | D:7      | Reached XP level 9. HP: 84/84 MP: 8/8
  4670 | D:7      | Reached skill level 10 in Unarmed Combat
  4964 | D:7      | Reached skill level 5 in Dodging
  5056 | D:7      | Reached skill level 11 in Unarmed Combat
  5167 | D:7      | Found a snail-covered altar of Cheibriados.
  5167 | D:7      | Found a glowing golden altar of the Shining One.
  5863 | D:8      | Found a burning altar of Makhleb.
  6063 | D:10     | Entered Level 10 of the Dungeon
  6094 | D:9      | Reached ***** piety under Trog
  6133 | D:9      | Reached XP level 10. HP: 77/93 MP: 9/9
  6289 | D:9      | Reached skill level 12 in Unarmed Combat
  6391 | D:9      | Found a basalt altar of Yredelemnul.
  6907 | D:11     | Noticed a manticore
  6912 | D:11     | Killed a manticore
  6913 | D:11     | Reached skill level 5 in Throwing
  6964 | D:11     | Found a frozen archway.
  6990 | IceCv    | Entered an ice cave
  7000 | IceCv    | Mangled by a two-headed ogre simulacrum

Illustrated notes

Levels and vault maps discovered:
D:1:      nagdon_arrival_double_spiral, layout_basic, serial_shops, shop,
          shapermc_ecumenical_altar_starsandcircs
D:2:      layout_basic, wad_orctagon
D:3:      layout_basic, pdpol_wu_jian_five_deadly_venoms, st_stairs_9
D:4:      kennysheep_goblin_castle, layout_basic,
          mainiacjoe_overflow_tiny_flanked
D:5:      layout_loops_ring, minmay_chambers_of_fives
D:6:      layout_loops_cross, trog_wizard, serial_shops, shop
D:7:      layout_loops_ring, mainiacjoe_overflow_divided_tiny,
          minmay_temple_entry_statues_fountains
D:8:      layout_basic, mainiacjoe_overflow_alcove_4
D:9:      layout_basic, lemuel_zombie_altar_yredelemnul
D:10:     layout_stronghold, amethyst_overflow_temple_binary,
          david_lair_shrubbed, minmay_fountain_box,
          minmay_fractal_squares_gapless_7
D:11:     layout_basic, minmay_orc_entry_guard_dogs, portal_ice_cave_entry_imps
IceCv:    ice_cave_caverns_02

Skill      XL: |  1  2  3  4  5  6  7  8  9 10 |
---------------+-------------------------------+-----
Fighting       | 3 4 |  4.3
Dodging        | 3 4 5 |  5.6
Unarmed Combat | 4 5 6 8 9 11 12 | 12.4
Throwing       | 1 3 4 5 |  5.0

Action                   |  1- 3 |  4- 6 |  7- 9 | 10-12 || total
-------------------------+-------+-------+-------+-------++-------
Melee: Unarmed           |    45 |   137 |   236 |    60 ||   478
       Punch             |     1 |     4 |    15 |     5 ||    25
Throw: Boomerang         |     6 |     2 |    35 |    14 ||    57
       Stone             |       |     4 |     1 |       ||     5
Invok: Berserk           |     2 |       |     5 |     3 ||    10
       Trog's Hand       |       |       |     1 |     1 ||     2
Evoke: Wand              |       |       |       |     1 ||     1
  Use: Scroll            |       |     5 |     5 |     2 ||    12
 Stab: Sleeping          |       |       |     1 |       ||     1
Armor: Animal skin       |    17 |    34 |    42 |    12 ||   105
Dodge: Dodged            |    19 |    54 |   118 |    39 ||   230
